 Dungeon Crawl Stone Soup version 0.28.0-45-g0d030f2227 (webtiles) character file.

Game seed: 3178213948601483715

3734 Fartwhistle the Grappler (level 10, -4/108 (127) HPs)
             Began as a Naga Transmuter on May 17, 2022.
             Killed from afar by an orc sorcerer (29 damage)
             ... with a bolt of negative energy
             ... in a bailey.
             The game lasted 00:33:37 (10925 turns).

Fartwhistle the Grappler (Naga Transmuter)         Turns: 10925, Time: 00:33:39

HP:   -4/108 (127)  AC: 25    Str: 20    XL:     10   Next: 15%
MP:   13/13         EV:  1    Int: 16    God:
Gold: 349           SH:  6    Dex: 12    Spells: 3/13 levels left

rFire   + . .      SeeInvis +     - Unarmed
rCold   . . .      Faith    .   v - +2 buckler
rNeg    . . .      Spirit   .   (armour currently unavailable)
rPois   +          Reflect  .   (helmet currently unavailable)
rElec   .          Harm     .   (cloak currently unavailable)
rCorr   .          Rampage  .   (gloves currently unavailable)
Will    +....      NoTele   +   (no barding)
Stlth   +.........              (no amulet)
HPRegen 0.28/turn               o - +6 ring of strength
MPRegen 0.13/turn               s - ring of protection from fire

@: tree-form, heavily drained
A: stationary, stasis, torment immunity, boosted hp, AC +3, large, see
invisible, (deformed body), (poison resistance), (slowness 2), spit poison 1,
(naga tail 1)
a: Spit Poison


You were in a bailey.
You were a tree.
You visited 2 branches of the dungeon, and saw 8 of its levels.
You also visited: Bailey.

You collected 349 gold pieces.

Inventory:

Hand Weapons
 r - the +3 mace "Arbiter" {freeze, rN+ Will+}
   (You found it on level 4 of the Dungeon)

   It freezes those it strikes, dealing additional cold damage.
   It can also slow down cold-blooded creatures.
   rN:        It protects you from negative energy.
   Will:      It increases your willpower.
Missiles
 p - a throwing net
Armour
 a - a +0 robe (melded)
 f - a +0 pair of gloves (melded)
 u - a +0 helmet (melded)
 v - a +2 buckler (worn)
 y - a +3 leather armour of cold resistance
 A - +0 steam dragon scales
Magical Staves
 i - a staff of cold
Jewellery
 e - an amulet of guardian spirit
 o - a +6 ring of strength (left branch)
 s - a ring of protection from fire (right branch)
 t - a +6 ring of intelligence
 z - a ring of protection from fire
Wands
 g - a wand of paralysis (12)
 x - a wand of flame (13)
Scrolls
 d - 2 scrolls of amnesia
 h - a scroll of teleportation
 l - a scroll of fog
 n - a scroll of silence {unknown}
 q - a scroll of acquirement {unknown}
 B - a scroll of identify {unknown}
Potions
 b - a potion of flight
 c - a potion of might {unknown}
 j - a potion of attraction {unknown}
 k - a potion of lignification
 m - a potion of magic {unknown}
 w - a potion of brilliance


   Skills:
 - Level 4.1 Fighting
 + Level 5.2 Dodging
 + Level 2.9 Shields
 * Level 8.7 Unarmed Combat
 - Level 2.0 Spellcasting
 + Level 8.2 Transmutations
 - Level 2.0 Ice Magic


You had 3 spell levels left.
You knew the following spells:

 Your Spells              Type           Power      Damage    Failure   Level
a - Beastly Appendage     Tmut           56%        N/A       1%          1
b - Spider Form           Tmut/Pois      14%        N/A       14%         3
c - Blink                 Tloc           2%         N/A       36%         2
d - Ice Form              Ice/Tmut       18%        N/A       30%         4

Your spell library contained the following spells:

 Spells                   Type           Power      Damage    Failure   Level
 Wereblood                Tmut           28%        N/A       1%          2
 Shock                    Conj/Air       4%         1d3       26%         1
 Slow                     Hex            4%         N/A       26%         1
 Confusing Touch          Hex            1%         N/A       58%         3
 Lesser Beckoning         Tloc           1%         N/A       58%         3
 Swiftness                Air            1%         N/A       58%         3
 Vampiric Draining        Necr           1%         2d6       58%         3
 Airstrike                Air            0%         N/A       94%         4
 Manifold Assault         Tloc           1%         N/A       100%        5


Dungeon Overview and Level Annotations

Branches:
Dungeon (7/15)             Temple (1/1) D:5          Bailey (1/1)

Altars:
Ashenzari
Dithmenos
Elyvilon
Fedhas
Gozag
Hepliaklqana
Kikubaaqudgha
Makhleb
Nemelex Xobeh
Okawaru
Qazlal
Ru
Sif Muna
Trog
Vehumet
Wu Jian
Xom
Yredelemnul
Zin
The Shining One

Portals:
Abyss: D:4

Annotations:
D:4 2 transporters, MisterFreud's ghost, novice NaFi


Innate Abilities, Weirdness & Mutations

You are a tree.
Your roots penetrate the ground, keeping you stationary.
You cannot be teleported.
You are immune to unholy pain and torment.
Your maximum health is greatly increased.
Your equipment is partially melded.
((Your serpentine skin is tough. (AC +3)))
You have supernaturally acute eyesight. (SInv)
((Armour fits poorly on your strangely shaped body.))
((Your system is resistant to poisons. (rPois)))
((You cover ground very slowly.))
You can spit poison.
((You have a snake-like lower body.))


Message History

Your +0 robe melds into your body.
Your roots penetrate the ground.
The chaos spawn hits you.
You pummel the chaos spawn!!
The chaos spawn is almost dead.
The chaos spawn hits you.
The chaos spawn draws strength from your injuries!
You barely miss the chaos spawn.
The chaos spawn is almost dead.
The chaos spawn hits you but does no damage.
You hit the chaos spawn.
The chaos spawn is almost dead.
You block the chaos spawn's attack.
You barely miss the chaos spawn.
The chaos spawn is almost dead.
The chaos spawn hits you but does no damage.
You smack the chaos spawn!
You kill the chaos spawn!
The chaos spawn degenerates into a cloud of primal chaos!
You pummel the orc!!
You kill the orc!
The orc sorcerer gestures wildly while chanting.
You smack the ice devil!
The ice devil is moderately wounded.
You block the ice devil's attack. The orc sorcerer casts a spell at you.
The bolt of negative energy hits the ice devil.
The ice devil completely resists.
The bolt of negative energy hits you!
You feel drained.
* * * LOW HITPOINT WARNING * * *
Okay, then.
You hit the ice devil but do no damage.
The ice devil is moderately wounded.
You pummel the ice devil!!
The ice devil is severely wounded.
The ice devil hits you but does no damage.
The orc sorcerer points at you and mumbles some strange words.
The bolt of negative energy hits the ice devil.
The ice devil completely resists.
The bolt of negative energy hits you!!
You feel drained.
You die...

≈≈≈≈≈≈≈≈≈≈≈≈≈≈≈≈≈≈≈
≈≈≈≈≈≈≈≈≈≈≈≈≈≈≈≈≈≈≈
≈≈≈≈≈≈≈≈≈≈≈≈≈≈≈≈≈≈
≈≈≈≈≈≈≈≈≈≈≈≈≈≈≈≈≈
####≈≈≈≈≈≈≈≈≈≈≈##
+........∩.......
###..######.######
#....#.?.#...#
#....#:..#♣..#
#+#'##'###848#
≈≈.#..#. #.o.#
≈≈≈≈.#..## #8.8#
≈≈≈≈≈≈.#..# #...#
≈≈≈≈≈≈.#..# #...#
≈≈≈≈≈≈.#..# ##'##
≈≈≈≈≈≈.##'# ...
#..# ._.


You could see an ice devil (summoned) and an orc sorcerer (very poisoned).

Vanquished Creatures
  An orc knight (Bailey)
  Joseph (D:7)
  Maggie (D:7)
  Sigmund (D:3)
  Duvessa (D:7)
  A sky beast (D:7)
  A necrophage (D:6)
  5 orc warriors
  4 centaurs
  3 ice beasts
  2 ogres (D:6)
  2 phantoms
  A bullfrog (D:6)
  A scorpion (D:4)
  Dowan (D:7)
  A centaur zombie (D:6)
  A bullfrog zombie (D:6)
  4 orc priests (D:6)
  A jelly (D:7)
  2 hounds
  Terence (D:2)
  3 iguanas
  5 orc wizards
  A killer bee zombie (D:5)
  A hound skeleton (D:5)
  7 gnolls
  A howler monkey skeleton (D:5)
  2 adders (D:4)
  An ufetubus (D:5)
  A worm (D:3)
  20 orcs
  10 ball pythons
  A bat (D:1)
  7 endoplasms
  4 giant cockroaches
  8 goblins
  12 hobgoblins
  3 jackals (D:1)
  2 quokkas (D:4)
  2 kobolds
  4 rats
131 creatures vanquished.

Notes
Turn   | Place    | Note
-------+----------+-------------------------------------------
     0 | D:1      | Fartwhistle the Naga Transmuter began the quest for the
                  | Orb.
     0 | D:1      | Reached XP level 1. HP: 18/18 MP: 3/3
   246 | D:1      | Reached XP level 2. HP: 12/25 MP: 1/5
  1839 | D:2      | Reached XP level 3. HP: 30/31 MP: 3/6
  1911 | D:2      | Found a faded altar of an unknown god.
  2243 | D:2      | Found Urauz's Assorted Antiques.
  2281 | D:2      | Noticed Terence
  2295 | D:2      | Killed Terence
  2609 | D:2      | Reached XP level 4. HP: 38/38 MP: 7/7
  3008 | D:2      | Learned a level 3 spell: Spider Form
  3311 | D:3      | Noticed Sigmund
  3341 | D:3      | Killed Sigmund
  3342 | D:3      | Reached skill level 5 in Transmutations
  3342 | D:3      | Reached XP level 5. HP: 22/44 MP: 5/8
  3858 | D:4      | Found a transporter.
  3872 | D:4      | Found a transporter.
  3873 | D:4      | Noticed a toenail golem
  3933 | D:4      | Reached XP level 6. HP: 51/51 MP: 9/9
  4040 | D:4      | Noticed MisterFreud's ghost (novice NaFi)
  4139 | D:4      | HP: 1/51 [gnoll/+0 whip (6)]
  4144 | D:4      | HP: 2/76 [gnoll/+0 spear (1)]
  4521 | D:4      | Found a one-way gate to the infinite horrors of the Abyss.
  4521 | D:4      | Identified the +3 mace "Arbiter" {freeze, rN+ Will+}
  4561 | D:4      | Learned a level 2 spell: Blink
  5154 | D:5      | Entered Level 5 of the Dungeon
  5295 | D:4      | HP: 2/51 [iguana (9)]
  5298 | D:4      | Reached skill level 1 in Ice Magic
  5693 | D:5      | Reached XP level 7. HP: 54/58 MP: 6/10
  6307 | D:5      | Found a staircase to the Ecumenical Temple.
  6321 | Temple   | Entered the Ecumenical Temple
  6798 | D:5      | Reached skill level 5 in Unarmed Combat
  6798 | D:5      | Reached XP level 8. HP: 60/68 MP: 6/11
  7810 | D:6      | Learned a level 4 spell: Ice Form
  8016 | D:6      | Reached XP level 9. HP: 78/78 MP: 9/12
  9230 | D:7      | Noticed Duvessa
  9230 | D:7      | Noticed Dowan
  9240 | D:7      | Killed Duvessa
  9245 | D:7      | Killed Dowan
  9270 | D:7      | Reached skill level 1 in Shields
  9364 | D:7      | Noticed Joseph
  9386 | D:7      | Killed Joseph
  9446 | D:7      | Noticed Maggie
  9466 | D:7      | Killed Maggie
  9563 | D:7      | Found a flagged portal.
  9577 | Bailey   | Entered a bailey
 10339 | Bailey   | Reached skill level 5 in Dodging
 10385 | Bailey   | Noticed an orc knight
 10406 | Bailey   | Killed an orc knight
 10407 | Bailey   | Reached XP level 10. HP: 85/85 MP: 11/13
 10610 | Bailey   | Noticed an orc sorcerer
 10902 | Bailey   | Noticed an orc sorcerer
 10909 | Bailey   | Identified the +9 dagger of Risk Management {venom, Will+}
 10910 | Bailey   | Found an iron altar of Okawaru.
 10925 | Bailey   | Killed from afar by an orc sorcerer

Illustrated notes

Levels and vault maps discovered:
D:1:      elethiomel_arrival_shortcut, layout_basic
D:2:      minmay_door_path, layout_basic, basic_ecumenical_altar, serial_shops,
          shop, uniq_terence
D:3:      layout_basic, uniq_sigmund
D:4:      layout_loops_cross, gammafunk_ghost_abyssal_escape
D:5:      layout_rooms, minmay_temple_entry_hall
D:6:      layout_layer_cave, minmay_chambers_of_fives
D:7:      layout_basic, enter_bailey_2, uniq_joseph, uniq_maggie, uniq_duvessa
Temple:   mainiacjoe_temple_cubbyholes
Bailey:   bailey_axe_of_yendor_kennysheep, bailey

Skill      XL: |  1  2  3  4  5  6  7  8  9 |
---------------+----------------------------+-----
Dodging        | 2 3 4 5 |  5.2
Transmutations | 3 5 6 7 8 |  8.2
Ice Magic      | 1 2 |  2.0
Unarmed Combat | 5 6 8 |  8.7
Fighting       | 2 4 |  4.1
Shields        | 2 |  2.9
Spellcasting   | |  2.0

Action                   |  1- 3 |  4- 6 |  7- 9 | 10-12 || total
-------------------------+-------+-------+-------+-------++-------
Melee: Unarmed           |   104 |   124 |   238 |    16 ||   482
       Headbutt          |     8 |     5 |     1 |       ||    14
       Punch             |     6 |     2 |     1 |       ||     9
 Cast: Beastly Appendage |    14 |    10 |    11 |       ||    35
       Spider Form       |       |    10 |    36 |     1 ||    47
 Abil: Spit Poison       |     3 |    15 |    14 |     1 ||    33
Evoke: Wand              |       |       |     4 |       ||     4
  Use: Potion            |     1 |     7 |       |     1 ||     9
       Scroll            |       |       |     5 |       ||     5
 Stab: Sleeping          |       |     1 |       |       ||     1
       Paralysed         |       |       |     5 |       ||     5
Armor: Robe              |    15 |    38 |     9 |       ||    62
       Skin              |     4 |    12 |    13 |     3 ||    32
Dodge: Dodged            |    46 |    95 |   210 |     4 ||   355
Block: Buckler           |       |       |     3 |     2 ||     5
